 Dungeon Crawl Stone Soup version 0.17-a0-1-g1f4be75 (webtiles) character file.

60 McCoppin the Sneak (level 3, -1/17 HPs)
             Began as a Felid Monk on Mar 8, 2015.
             Slain by a giant frog zombie (4 damage)
             ... on level 5 of the Dungeon.
             The game lasted 00:12:07 (2304 turns).

McCoppin the Sneak (Felid Monk)                     Turns: 2304, Time: 00:12:08

Health: -1/17      AC:  1    Str:  7    XL:     3   Next: 82%
Magic:  5/5        EV: 22    Int: 11    God:
Gold:   87         SH:  0    Dex: 19    Spells: 0 memorised, 2 levels left
                                        Lives:  0   Deaths: 0

rFire  . . .     SeeInvis +       - Unarmed
rCold  + . .     Clarity  .     (armour unavailable)
rNeg   . . .     SustAb   .     (shield unavailable)
rPois  .         Gourm    .     (helmet unavailable)
rElec  .         Spirit   .     (cloak unavailable)
rCorr  .         Warding  .     (gloves unavailable)
rMut   .         Rnd*Tele +     (boots unavailable)
MR     .....                    (no amulet)
Stlth  ++++......               (no ring)
                                (no ring)

@: quick, not resistant to hostile enchantments, stealthy
A: paw claws, no armour, no weapons or thrown items, fangs 3, repulsion field 1,
see invisible, carnivore 3, cold resistance 1, speed 1, shaggy fur 1, slow
metabolism 1, teleportitis 1, sharp paws
a: no special abilities


You were on level 5 of the Dungeon.
You were not hungry.

You visited 1 branch of the dungeon, and saw 5 of its levels.

You collected 87 gold pieces.

Inventory:

Magical devices
 g - a wand of lightning (0)
Scrolls
 a - a scroll of amnesia {unknown}
 c - a scroll of identify {unknown}
 f - a scroll of teleportation {unknown}
 h - a scroll of magic mapping {unknown}
Comestibles
 b - a meat ration


   Skills:
 - Level 3.0 Fighting
 - Level 4.0 Dodging
 + Level 6.0 Stealth
 - Level 4.0 Unarmed Combat


You had 2 spell levels left.
You didn't know any spells.

Dungeon Overview and Level Annotations

Branches:
Dungeon (5/15)
 Temple: D:4-7

Altars:
Elyvilon
Gozag
Yredelemnul
Zin


Innate Abilities, Weirdness & Mutations

You cannot wear armour.
You are incapable of wielding weapons or throwing items.
You have razor-sharp teeth.
You have supernaturally acute eyesight.
You are carnivorous and can eat meat at any time.
You cover ground quickly.
You are covered in fur (AC +1).
You have a slow metabolism.
Your paws have sharp claws that are effective at stabbing.
You are surrounded by a mild repulsion field (EV +2).
Your flesh is cold resistant.
Space occasionally distorts in your vicinity.


Message History

You scratch the shadow imp.
You kill the shadow imp!
Your Stealth skill increases to level 6!
The giant frog zombie hits you. The giant frog zombie hits you.
* * * LOW HITPOINT WARNING * * *
You closely miss the giant frog zombie. The giant frog zombie misses you.
The giant frog zombie completely misses you.
You scratch the giant frog zombie.
The giant frog zombie completely misses you.
You claw the giant frog zombie! The giant frog zombie misses you.
You claw the giant frog zombie!
The giant frog zombie closely misses you.
You scratch the giant frog zombie but do no damage.
The giant frog zombie barely misses you.
You claw the giant frog zombie!
The giant frog zombie closely misses you.
The giant frog zombie barely misses you.
You scratch the giant frog zombie. The giant frog zombie hits you.
You die...

. #...##### #
r.>....##. #.. ##...?.
.... ##.... ##..#
##..#. # ###....#
#..##. #.###......##
##..### #..........#
#..## #...@.# #.# ##.##
#..Z<## #..###..#
#.......# #..#..##
#.........###.....#
...........#......##
...................###
...........###......###
.........## ##........
........# ##.######


You could see a giant frog zombie.

Vanquished Creatures
  A worker ant (D:4)
  A shadow imp (D:5)
  An adder skeleton (D:5)
  A ball python (D:3)
  2 bats
  A bat zombie (D:5)
  A goblin (D:5)
  3 hobgoblins
  6 jackals
  A quokka (D:2)
  A giant newt (D:2)
  6 rats
25 creatures vanquished.

Notes
Turn   | Place    | Note
--------------------------------------------------------------
     0 | D:1      | McCoppin, the Felid Monk, began the quest for the Orb.
     0 | D:1      | Reached XP level 1. HP: 10/10 MP: 2/2
   415 | D:2      | Reached XP level 2. HP: 14/14 MP: 3/3
  1079 | D:5      | Entered Level 5 of the Dungeon
  1153 | D:5      | Noticed an ice beast
  1380 | D:5      | Found a basalt altar of Yredelemnul.
  1389 | D:5      | Noticed a water moccasin
  1797 | D:4      | Noticed a phantom
  1842 | D:4      | Reached skill level 5 in Stealth
  1842 | D:4      | Reached XP level 3. HP: 17/17 MP: 5/5
  1858 | D:4      | Gained mutation: Space occasionally distorts in your vicinity. [potion of mutation]
  1858 | D:4      | Gained mutation: You are surrounded by a mild repulsion field (EV +2). [potion of mutation]
  1858 | D:4      | Gained mutation: Your flesh is cold resistant. [potion of mutation]
  2241 | D:4      | Found a white marble altar of Elyvilon.
  2242 | D:4      | Found an opulent altar of Gozag.
  2243 | D:4      | Found a glowing silver altar of Zin.
  2253 | D:4      | Noticed an ogre
  2296 | D:5      | Reached skill level 6 in Stealth
  2304 | D:5      | Slain by a giant frog zombie

Action                   || total
-------------------------++-------
Melee: Unarmed           ||   107
Evoke: Wand              ||     3
  Use: Potion            ||     5
 Stab: Sleeping          ||     3
  Eat: Chunk             ||     5
